 Dungeon Crawl Stone Soup version 0.16-a0-3770-gc215ce9 (webtiles) character file.

325 Johnny the Shield-Bearer (level 6, -6/43 HPs)
             Began as an Octopode Fighter on Jan 24, 2015.
             Splashed by a jelly's acid (12 damage)
             ... on level 4 of the Dungeon.
             The game lasted 00:02:56 (2896 turns).

Johnny the Shield-Bearer (Octopode Fighter)         Turns: 2896, Time: 00:02:57

Health: -6/43      AC:  1    Str: 15    XL:     6   Next: 48%
Magic:  6/6        EV: 12    Int: 10    God:
Gold:   154        SH:  9    Dex: 14    Spells: 0 memorised, 5 levels left

rFire  . . .     SeeInvis .     a - +0 long sword
rCold  . . .     Clarity  .     c - +0 shield
rNeg   . . .     SustAb   .     (helmet restricted)
rPois  .         Gourm    .     (no amulet)
rElec  .         Spirit   .     (no ring)
rCorr  .         Warding  .     (no ring)
rMut   .         Stasis   .     (no ring)
MR     .....                    (no ring)
Stlth  ++........               (no ring)
                                (no ring)
                                (no ring)
                                (no ring)

@: not resistant to hostile enchantments, unstealthy
A: almost no armour, amphibious, 8 rings, constrict 8, camouflage 1, gelatinous
body 1
a: no special abilities


You were on level 4 of the Dungeon.
You were hungry.

You visited 1 branch of the dungeon, and saw 4 of its levels.

You collected 154 gold pieces.

Inventory:

Hand weapons
 a - a +0 long sword (weapon)
Armour
 c - a +0 shield (worn)
Magical devices
 o - a wand of teleportation (3)
Scrolls
 b - a scroll of fog {unknown}
 g - 2 scrolls of remove curse {unknown}
 i - 4 scrolls of identify {unknown}
 m - 2 scrolls of fear {unknown}
 q - a scroll of teleportation {unknown}
 t - a scroll of magic mapping {unknown}
Potions
 e - 2 potions of might
 f - 2 potions of curing
 h - 2 potions of brilliance {unknown}
 k - a potion of invisibility {unknown}
 l - 2 potions of restore abilities {unknown}
 n - a potion of beneficial mutation {unknown}
 p - a potion of poison {unknown}
 s - a potion of resistance {unknown}
 u - a potion of heal wounds {unknown}
Comestibles
 d - 6 bread rations
 j - a meat ration
 r - 2 beef jerkies


   Skills:
 + Level 4.0 Fighting
 + Level 3.1 Long Blades
 * Level 4.6 Dodging
 * Level 4.8 Shields


You had 5 spell levels left.
You didn't know any spells.

Dungeon Overview and Level Annotations

Branches:
Dungeon (4/15)
 Temple: D:4-7

Altars:
Ashenzari
Qazlal


Innate Abilities, Weirdness & Mutations

You cannot wear most types of armour.
You are amphibious.
You can wear up to eight rings at the same time.
You can use your tentacles to constrict many enemies at once.
Your skin changes colour to match your surroundings (Stealth).
Your rubbery body absorbs attacks (AC +1).


Message History

Unknown command.
Drink which item? (? for menu, Esc to quit)
You feel better.
You constrict the orc priest. You block the orc priest's attack.
Drink which item? (? for menu, Esc to quit)
Okay, then.
You are feeling hungry.
You hit the orc priest but do no damage.
You squeeze the orc priest.
You kill the orc priest!
Your Fighting skill increases to level 4!
Items here: ))) [[ † You hit the jelly.
Your squeeze misses the jelly.
The jelly is lightly wounded.
The jelly hits you.
You are splashed with acid!
The acid burns!
* * * LOW HITPOINT WARNING * * *
The jelly hits you.
* * * LOW HITPOINT WARNING * * *
You are splashed with acid!
The acid burns!
You die...

#.# #.# #.#
#.##########
#.##.........
#.##.########
#............
#..#.#######.
#.<#@###..
#...#J##.#
#..###.#.###.#.#
#.##
##.........#
#... #.......#..
#.#. #.##.##J.#
#. .#<# #.# ..#
#. .## #o# .#
.o. #


You could see a jelly.

Vanquished Creatures
  A centaur zombie (D:3)
  An orc priest (D:4)
  3 orc wizards
  Natasha (thrice) (D:3)
  A worker ant (D:3)
  Jessica (D:2)
  Terence (D:3)
  An adder (D:2)
  A worm (D:3)
  5 giant geckos
  10 orcs
  7 bats
  3 giant cockroaches
  6 goblins
  11 hobgoblins
  2 ball pythons
  4 giant newts
  10 kobolds
  12 rats
83 creatures vanquished.

Notes
Turn   | Place    | Note
--------------------------------------------------------------
     0 | D:1      | Johnny, the Octopode Fighter, began the quest for the Orb.
     0 | D:1      | Reached XP level 1. HP: 16/16 MP: 1/1
    79 | D:1      | Reached XP level 2. HP: 14/21 MP: 2/2
   698 | D:1      | Reached XP level 3. HP: 22/26 MP: 3/3
   988 | D:2      | Noticed Jessica
   993 | D:2      | Killed Jessica
  1100 | D:2      | Reached XP level 4. HP: 26/31 MP: 4/4
  1464 | D:3      | HP: 1/31 [orc/falchion (7)]
  1741 | D:3      | Noticed Natasha
  1744 | D:3      | Killed Natasha
  1827 | D:3      | Noticed Natasha
  1831 | D:3      | Killed Natasha
  1831 | D:3      | Reached skill level 4 in Shields
  1831 | D:3      | Reached XP level 5. HP: 29/37 MP: 5/5
  1870 | D:3      | Noticed Natasha
  1882 | D:3      | Killed Natasha
  2344 | D:3      | Noticed Terence
  2354 | D:3      | Killed Terence
  2496 | D:3      | Found a shattered altar of Ashenzari.
  2503 | D:3      | Reached XP level 6. HP: 37/43 MP: 6/6
  2656 | D:3      | Found a stormy altar of Qazlal.
  2896 | D:4      | Splashed by a jelly's acid

Action                   |  1- 3 |  4- 6 || total
-------------------------+-------+-------++-------
Melee: Long sword        |    62 |   108 ||   170
  Use: Potion            |       |     2 ||     2
 Stab: Sleeping          |     1 |     1 ||     2
  Eat: Chunk             |       |     6 ||     6
